 Dungeon Crawl Stone Soup version 0.22-b1-21-g5cfc1688f2 (webtiles) character file.

14 Pisosu the Grasshopper (level 2, 25/26 HPs)
             Began as a Gnoll Warper on Aug 6, 2018.
             Quit the game on level 1 of the Dungeon.
             The game lasted 00:01:00 (370 turns).

Pisosu the Grasshopper (Gnoll Warper)                Turns: 370, Time: 00:01:01

Health: 25/26      AC:  3    Str: 13    XL:     2   Next: 45%
Magic:  7/7        EV: 14    Int: 15    God:
Gold:   24         SH:  0    Dex: 14    Spells: 10/10 levels left

rFire    . . .     SeeInvis .   a - +0 hand axe
rCold    . . .     Gourm    .   (no shield)
rNeg     . . .     Faith    .   b - +0 leather armour
rPois    .         Spirit   .   (no helmet)
rElec    .         Reflect  .   (no cloak)
rCorr    .         Harm     .   (no gloves)
MR       .....                  (no boots)
Stlth    +.........             (no amulet)
HPRegen  0.08/turn              (no ring)
MPRegen  0.10/turn              (no ring)

@: no status effects
A: distributed training, fangs 1, strong nose
a: no special abilities


You were on level 1 of the Dungeon.
You were not hungry.

You visited 1 branch of the dungeon, and saw 1 of its levels.

You collected 24 gold pieces.

Inventory:

Hand Weapons
 a - a +0 hand axe (weapon)
Missiles
 e - 5 tomahawks of dispersal (quivered)
 g - 24 arrows
Armour
 b - a +0 leather armour (worn)
Scrolls
 c - a scroll of identify {unknown}
 d - 2 scrolls of blinking
Comestibles
 f - a ration
 h - a chunk of flesh


   Skills:
 + Level 4.5 Fighting
 + Level 0.4 Short Blades
 + Level 0.4 Long Blades
 + Level 4.5 Axes
 + Level 0.4 Maces & Flails
 + Level 0.4 Polearms
 + Level 0.4 Staves
 + Level 0.4 Slings
 + Level 0.4 Bows
 + Level 0.4 Crossbows
 + Level 2.5 Throwing
 + Level 2.5 Armour
 + Level 4.5 Dodging
 + Level 0.4 Stealth
 + Level 0.4 Shields
 + Level 0.4 Unarmed Combat
 + Level 4.9 Spellcasting
 + Level 0.2 Conjurations
 + Level 0.2 Hexes
 + Level 0.2 Charms
 + Level 0.2 Summonings
 + Level 0.2 Necromancy
 + Level 5.3 Translocations
 + Level 0.2 Transmutations
 + Level 0.2 Fire Magic
 + Level 0.2 Ice Magic
 + Level 0.2 Air Magic
 + Level 0.2 Earth Magic
 + Level 0.2 Poison Magic
 + Level 0.5 Invocations
 + Level 0.4 Evocations


You had 10 spell levels left.
You didn't know any spells.
Your spell library contained the following spells:

 Spells                   Type           Power        Failure   Level  Hunger
 Teleport Other           Tloc           ###.....     7%          3    ###....
 Blink                    Tloc           N/A          3%          2    ##.....
 Passage of Golubria      Tloc           N/A          22%         4    ####...
 Shroud of Golubria       Chrm/Tloc      ##........   10%         2    ##.....
 Gell's Gravitas          Tloc           ###.......   7%          3    ###....
 Lesser Beckoning         Tloc           ###.......   7%          3    ###....


Dungeon Overview and Level Annotations

Branches:
Dungeon (1/15)

Altars:


Innate Abilities, Weirdness & Mutations

Your experience applies equally to all skills.
You have very sharp teeth.
Your uncanny sense of smell can sniff out nearby items.


Message History

A frilled lizard comes into view.
The frilled lizard hisses angrily.
Some of the chunks of flesh in your inventory have rotted away.
You barely miss the frilled lizard. Your bite misses the frilled lizard.
The frilled lizard bites you but does no damage.
You miss the frilled lizard. The frilled lizard closely misses you.
You miss the frilled lizard. The frilled lizard bites you.
You hit the frilled lizard.
You kill the frilled lizard!
A goblin comes into view. It is wielding a dagger.
The goblin shouts!
You hear a shout!
You hit the goblin.
You kill the goblin!
You see here a dagger.
A hobgoblin comes into view. It is wielding a club.
The hobgoblin moves out of view.
The hobgoblin shouts!
The hobgoblin is too close now for your liking.
A kobold comes into view. It is wielding a dagger.
Are you sure you want to abandon this character and quit the game? (Confirm with "yes".)

∆ .. #.. #..
#.. #..## #
..
#...###.#g...
######
#..#@....#
#.....
#....###K#
#.#### ##.###
#.#... #.# #.
#.#.## #.##
#. #.#... ##.
#..# #.####
#.#.##
..####.##
#....# #.#.#.
...###..#
#....# #.#.#.
....##.#
#....# #.#.#.


You could see a hobgoblin and a kobold.

Vanquished Creatures
  A dart slug (D:1)
  A giant cockroach (D:1)
  2 goblins (D:1)
  A hobgoblin (D:1)
  A frilled lizard (D:1)
  3 kobolds (D:1)
  4 rats (D:1)
13 creatures vanquished.

Notes
Turn   | Place    | Note
-------+----------+-------------------------------------------
     0 | D:1      | Pisosu the Gnoll Warper began the quest for the Orb.
     0 | D:1      | Reached XP level 1. HP: 20/20 MP: 6/6
   123 | D:1      | Reached XP level 2. HP: 21/26 MP: 7/7
   370 | D:1      | Quit the game

Action                   || total
-------------------------++-------
Melee: Hand axe          ||    42
       Bite              ||     3
Armor: Leather armour    ||     1
Dodge: Dodged            ||    29
